 Dungeon Crawl Stone Soup version 0.27.1-34-g3ba077fa99 (webtiles) character file.

Game seed: 2307981174430465916

122 ohmi the Covert (level 4, 0/31 HPs)
             Began as a Vampire Brigand on Jan 13, 2022.
             Slain by a gnoll (10 damage)
             ... on level 3 of the Dungeon.
             The game lasted 00:16:04 (1887 turns).

ohmi the Covert (Vampire Brigand)                   Turns: 1887, Time: 00:16:04

Health: 0/31       AC:  4    Str: 10    XL:     4   Next: 78%
Magic:  4/4        EV: 12    Int: 20    God:
Gold:   49         SH:  0    Dex: 15    Spells: 3/3 levels left

rFire    . . .     SeeInvis +   a - +2 dagger
rCold    . . .     Faith    .   (no shield)
rNeg     . . .     Spirit   .   b - +0 robe
rPois    .         Reflect  .   (no helmet)
rElec    .         Harm     .   c - +0 cloak
rCorr    .         Rampage  .   i - +0 pair of gloves
Will     .....                  (no boots)
Stlth    ++++......             g - amulet of the acrobat
HPRegen  0.30/turn              l - +6 ring of intelligence
MPRegen  0.09/turn              (no ring)

@: healing quickly
A: alive, fangs 3, see invisible, vampiric 2, [frail 1]
a: Exsanguinate


You were on level 3 of the Dungeon.
You visited 1 branch of the dungeon, and saw 3 of its levels.

You collected 49 gold pieces.

Inventory:

Hand Weapons
 a - a +2 dagger (weapon)
Missiles
 d - 4 poisoned darts (quivered)
 e - 2 curare-tipped darts
Armour
 b - a +0 robe (worn)
 c - a +0 cloak (worn)
 i - a +0 pair of gloves (worn)
 p - a +0 leather armour
Jewellery
 g - an amulet of the acrobat (around neck)
 l - a +6 ring of intelligence (left hand)
Scrolls
 f - a scroll of brand weapon {unknown}
 h - a scroll of blinking {unknown}
 o - a scroll of enchant armour {unknown}
 q - a scroll of fear {unknown}
Potions
 j - a potion of haste {unknown}
 k - 2 potions of resistance
 m - 2 potions of mutation
 n - a potion of curing {unknown}


   Skills:
 * Level 3.0 Fighting
 + Level 2.5 Short Blades
 - Level 1.5 Throwing
 - Level 1.1 Dodging
 - Level 8.1 Stealth


You had 3 spell levels left.
You didn't know any spells.
Your spell library contained the following spells:

 Spells                   Type           Power      Damage    Failure   Level
 Frozen Ramparts          Ice            0%         1d2       50%         3
 Ice Form                 Ice/Tmut       0%         N/A       88%         4
 Summon Ice Beast         Ice/Summ       0%         N/A       88%         4


Dungeon Overview and Level Annotations

Branches:
Dungeon (3/15)

Altars:

Annotations:
D:3 3 runed translucent doors, reversiblehash's ghost, amateur GrFi


Innate Abilities, Weirdness & Mutations

Your natural rate of healing is accelerated.
You have razor-sharp teeth.
You have supernaturally acute eyesight. (SInv)
You are afflicted with vampirism and can become a bat while bloodless.
[You are frail. (-10% HP)]


Message History

You see here a poisoned dart.
d - 4 poisoned darts (gained 1)
d - 6 poisoned darts (gained 2)
There are no items here.
Things that are here:
a +0 spear of venom; a +0 chain mail
Okay, then.
Things that are here:
a +0 spear of venom; a +0 chain mail The gnoll shouts!
Throw: 6 darts (poison)
Press: ? - help, Q - select action, (/) - cycle Shift-Dir - straight line, f - gnoll
Aim: a gnoll, wielding a +3 halberd (63% to hit)
You throw a poisoned dart.
The poisoned dart barely misses the gnoll.
The gnoll shouts!
Throw: 5 darts (poison)
Press: ? - help, Q - select action, (/) - cycle Shift-Dir - straight line, f/p - gnoll
Aim: a gnoll, wielding a +3 halberd (63% to hit)
You throw a poisoned dart. The poisoned dart hits the gnoll.
The gnoll is poisoned.
The gnoll hits you with a +3 halberd. The gnoll hits you with a +0 halberd.
You completely miss the gnoll.
The gnoll is moderately wounded.
The gnoll misses you. The gnoll hits you but does no damage.
Unknown command.
You barely miss the gnoll.
The gnoll is moderately wounded.
The gnoll closely misses you.
You hit the gnoll.
The gnoll is heavily wounded.
The gnoll looks more healthy.
The gnoll hits you with a +0 halberd. The gnoll barely misses you.
You hit the gnoll.
The gnoll is almost dead.
The gnoll hits you with a +0 halberd. The gnoll hits you with a +3 halberd!
You hit the gnoll.
You kill the gnoll!
The gnoll hits you with a +0 halberd!
You die...

......................#
.##...............## .#
....#..............# .#
..#................##.#
###................#..####
#.................(......#
..##.#.......#...........#
.###..........#.g........#
####............@........#
# #..........##..).......#
###.....)........>.......#
....#.....#.#............#
.###.....................#
.# #...)...#.#####.#######
.###.......#...###.##
.##.............#...##
....#....##'###...<..##


You could see a gnoll.

Vanquished Creatures
  An orc wizard (D:3)
  2 gnolls
  2 adders (D:2)
  2 worms (D:2)
  4 dart slugs
  4 orcs (D:3)
  6 endoplasms
  3 giant cockroaches
  3 goblins
  6 hobgoblins
  3 kobolds
  2 quokkas
  3 ball pythons
  5 bats
  3 frilled lizards
  3 rats
52 creatures vanquished.

Vanquished Creatures (others)
  2 fungi (D:3)
  2 plants (D:3)
4 creatures vanquished.

Grand Total: 56 creatures vanquished

Notes
Turn   | Place    | Note
-------+----------+-------------------------------------------
     0 | D:1      | ohmi the Vampire Brigand began the quest for the Orb.
     0 | D:1      | Reached XP level 1. HP: 16/16 MP: 1/1
    47 | D:1      | Reached skill level 6 in Stealth
   176 | D:1      | Reached XP level 2. HP: 22/22 MP: 2/2
   291 | D:1      | Found a faded altar of an unknown god.
   325 | D:1      | Reached skill level 7 in Stealth
   675 | D:2      | Gained mutation: You are afflicted with vampirism and can
                  | become a bat while bloodless. [Vampire growth]
   675 | D:2      | Reached XP level 3. HP: 27/27 MP: 3/3
   752 | D:2      | Reached skill level 8 in Stealth
  1166 | D:2      | Reached XP level 4. HP: 26/26 MP: 4/4
  1668 | D:3      | Found a runed translucent gate.
  1668 | D:3      | Found a runed translucent gate.
  1668 | D:3      | Found a runed translucent gate.
  1671 | D:3      | Noticed reversiblehash's ghost (amateur GrFi)
  1672 | D:3      | Noticed a kobold brigand
  1887 | D:3      | Slain by a gnoll

Illustrated notes

Levels and vault maps discovered:
D:1:      co_arrival_square_in_a_square_in_a_square, layout_loops_ring,
          basic_ecumenical_altar
D:2:      layout_loops_cross
D:3:      layout_rooms, nicolae_overflow_hidden_temple,
          gammafunk_ghost_nasty_kobolds, nrook_mini_vaults

Skill      XL: |  1  2  3  4 |
---------------+-------------+-----
Stealth        | 6 7 8 |  8.1
Fighting       | 2 3 |  3.0
Short Blades   | |  2.5
Throwing       | |  1.5
Dodging        | |  1.1

Action                   |  1- 3 |  4- 6 || total
-------------------------+-------+-------++-------
Melee: Dagger            |    77 |    61 ||   138
       Bite              |     3 |     6 ||     9
Throw: Dart              |     7 |     9 ||    16
 Abil: Exsanguinate      |     1 |       ||     1
       Revivify          |       |     1 ||     1
  Use: Scroll            |       |     2 ||     2
 Stab: Sleeping          |    18 |     6 ||    24
       Distracted        |     1 |       ||     1
Armor: Robe              |    15 |    12 ||    27
Dodge: Dodged            |    31 |    31 ||    62
